 Dungeon Crawl Stone Soup version 0.27.0-1-g7a089689b8 (webtiles) character file.

Game seed: 10436345992459135576

242 wakim the Shield-Bearer (level 5, -6/47 HPs)
             Began as a Minotaur Fighter on Aug 6, 2021.
             Mangled by Duvessa (10 damage)
             ... on level 3 of the Dungeon.
             The game lasted 00:06:29 (4394 turns).

wakim the Shield-Bearer (Minotaur Fighter)          Turns: 4394, Time: 00:06:30

Health: -6/47      AC:  9    Str: 20    XL:     5   Next: 81%
Magic:  4/4        EV:  7    Int:  6    God:
Gold:   133        SH:  0    Dex: 10    Spells: 4/4 levels left

rFire    . . .     SeeInvis .   a - +0 flail
rCold    . . .     Faith    .   (no shield)
rNeg     . . .     Spirit   .   m - +0 chain mail
rPois    .         Reflect  .   (helmet restricted)
rElec    .         Harm     .   (no cloak)
rCorr    .         Rampage  .   (no gloves)
Will     .....                  (no boots)
Stlth    ..........             (no amulet)
HPRegen  0.15/turn              n - ring of flight
MPRegen  0.09/turn              (no ring)

@: mighty, flying
A: horns 2, retaliatory headbutt
a: no special abilities


You were on level 3 of the Dungeon.
You visited 1 branch of the dungeon, and saw 4 of its levels.

You collected 133 gold pieces.

Inventory:

Hand Weapons
 a - a +0 flail (weapon)
Missiles
 j - 27 poisoned darts (quivered)
Armour
 c - a +0 kite shield
 m - a +0 chain mail (worn)
Jewellery
 n - a ring of flight (left hand)
Scrolls
 d - a scroll of fear {unknown}
 f - a scroll of enchant armour {unknown}
 g - a scroll of enchant weapon {unknown}
 h - a scroll of identify {unknown}
 i - 3 scrolls of teleportation {unknown}
 l - a scroll of blinking {unknown}
 o - a scroll of immolation {unknown}
 p - a scroll of amnesia {unknown}
Potions
 b - 2 potions of curing {unknown}
 e - a potion of flight {unknown}
 k - a potion of lignification {unknown}
 N - 2 potions of might


   Skills:
 + Level 4.6 Fighting
 * Level 4.9 Maces & Flails
 + Level 4.7 Armour
 * Level 5.1 Shields


You had 4 spell levels left.
You didn't know any spells.
Your spell library contained the following spells:

 Spells                   Type           Power      Damage    Failure   Level
 Call Canine Familiar     Summ           0%         N/A       100%        3
 Portal Projectile        Hex/Tloc       0%         N/A       100%        3
 Leda's Liquefaction      Hex/Erth       0%         N/A       100%        4


Dungeon Overview and Level Annotations

Branches:
Dungeon (4/15)
 Temple: D:4-7

Altars:
Cheibriados
Gozag
Sif Muna

Annotations:
D:3 Dowan, Duvessa


Innate Abilities, Weirdness & Mutations

You have a pair of horns on your head.
You reflexively headbutt those who attack you in melee.


Message History

There is a stone staircase leading down here.
You fly downwards.
Level annotation: Dowan, Duvessa A dart slug comes into view.
Duvessa shouts!
Dowan hits you but does no damage.
There is a stone staircase leading up here.
Duvessa says, "I don't care about looks, I care about technique!"
Duvessa hits you with a +0 short sword.
Dowan casts a spell at Duvessa.
Duvessa seems to speed up.
The dart slug launches a dart at you.
The slug dart hits you but does no damage.
You fly upwards.
There is a stone staircase leading down here.
Duvessa hits you with a +0 short sword. Duvessa hits you with a +0 short sword.
Duvessa hits you but does no damage.
You barely miss Duvessa. You headbutt Duvessa.
Duvessa is lightly wounded.
Duvessa hits you with a +0 short sword. x2
You closely miss Duvessa.
Duvessa is lightly wounded.
Duvessa hits you with a +0 short sword. x2
You hit Duvessa but do no damage. You headbutt Duvessa, but do no damage.
Duvessa is lightly wounded.
Duvessa closely misses you. You furiously retaliate!
You headbutt Duvessa!
Dowan gestures wildly while chanting.
Dowan blinks!
You closely miss Duvessa.
Duvessa is moderately wounded.
Duvessa hits you with a +0 short sword!
* * * LOW HITPOINT WARNING * * *
Duvessa hits you with a +0 short sword.
* * * LOW HITPOINT WARNING * * *
You feel very mighty all of a sudden. Duvessa hits you with a +0 short sword!
* * * LOW HITPOINT WARNING * * *
Duvessa hits you with a +0 short sword!
You die...

#######.##.####.########
####....##.##.####.# #
##........#.##......# #
######.........#.################
....#...≈≈≈≈..>..................
....#..8≈≈≈≈..##################.
....#...≈≈≈≈.....#...###########.
....##.........#e#.#.#...........
......#......#.#@#.#.#.#########.
......##.#...#.#.#.#.#....#...##.
......##.#..####.#.#.#..#.#.#.##.
#.....##.#..#......#.#....#.#.##.
#.....##.#....##...#......#.#.##.
########.#..######.#.....##.#.##.
#######.#.........#........#.##.
#........##########...######.##.
##.................#..........##.


You could see Duvessa (fast).

Vanquished Creatures
  A bullfrog skeleton (D:4)
  Jessica (D:3)
  A scorpion zombie (D:4)
  2 iguanas (D:3)
  A mummy (D:3)
  3 adders
  An ufetubus (D:4)
  4 worms
  3 ball pythons
  4 bats
  9 endoplasms
  2 giant cockroaches
  A goblin (D:4)
  7 hobgoblins
  4 quokkas
  2 frilled lizards
  7 kobolds
  5 rats
58 creatures vanquished.

Notes
Turn   | Place    | Note
-------+----------+-------------------------------------------
     0 | D:1      | wakim the Minotaur Fighter began the quest for the Orb.
     0 | D:1      | Reached XP level 1. HP: 19/19 MP: 0/0
   298 | D:1      | Reached XP level 2. HP: 27/27 MP: 1/1
   531 | D:1      | Found a faded altar of an unknown god.
  1210 | D:2      | Reached skill level 4 in Shields
  1210 | D:2      | Reached XP level 3. HP: 27/33 MP: 2/2
  1841 | D:3      | Found a snail-covered altar of Cheibriados.
  2209 | D:3      | Reached XP level 4. HP: 40/40 MP: 3/3
  2421 | D:3      | Noticed Jessica
  3341 | D:3      | Killed Jessica
  3343 | D:3      | Found a shimmering blue altar of Sif Muna.
  3469 | D:3      | Reached XP level 5. HP: 34/47 MP: 4/4
  3622 | D:4      | Noticed Duvessa
  3622 | D:4      | Noticed Dowan
  3630 | D:4      | Noticed an ogre
  4048 | D:4      | Reached skill level 5 in Shields
  4158 | D:4      | Found an opulent altar of Gozag.
  4394 | D:3      | Mangled by Duvessa

Illustrated notes

Levels and vault maps discovered:
D:1:      lightli_arrival_isolated_outpost, layout_basic,
          ebering_ecumenical_altar_hall
D:2:      layout_basic
D:3:      layout_basic, tgw_sif, slow_altar_1, serial_park_tiny_pond,
          st_stairs_6, chequers_hall_statues_wall_a, dk_noncrumbling_4
D:4:      layout_layer_cave, mainiacjoe_overflow_alcove_1, uniq_duvessa

Skill      XL: |  1  2  3  4  5 |
---------------+----------------+-----
Maces & Flails | 3 4 |  4.9
Fighting       | 4 |  4.6
Armour         | 4 |  4.7
Shields        | 4 5 |  5.1

Action                   |  1- 3 |  4- 6 || total
-------------------------+-------+-------++-------
Melee: Flail             |    71 |    58 ||   129
       Headbutt          |    11 |    10 ||    21
       Trident           |     2 |    12 ||    14
  Use: Potion            |       |     1 ||     1
Armor: Scale mail        |    22 |    10 ||    32
       Chain mail        |       |    33 ||    33
Dodge: Dodged            |    29 |    36 ||    65
